 Dungeon Crawl Stone Soup version 0.28.0-53-g5a82cb258f (webtiles) character file.

Game seed: 3311678575734883315

65 bnorton916 the Magician (level 3, -4/19 HPs)
             Began as a Deep Elf Fire Elementalist on July 6, 2022.
             Slain by a hobgoblin
             ... wielding the +7 mace of Taxation {spect, Contam rPois rF+++ Int-4}
              (12 damage)
             ... on level 2 of the Dungeon.
             The game lasted 00:01:54 (2452 turns).

bnorton916 the Magician (DEFE)                      Turns: 2452, Time: 00:01:55

Health: -4/19      AC:  4    Str:  5    XL:     3   Next: 92%
Magic:  5/10       EV: 12    Int: 21    God:
Gold:   66         SH:  0    Dex: 15    Spells: 7/10 levels left

rFire   . . .      SeeInvis +   f - +2 short sword (venom)
rCold   . . .      Faith    .   (no shield)
rNeg    . . .      Spirit   .   g - +1 animal skin
rPois   .          Reflect  .   h - +0 helmet
rElec   .          Harm     .   (no cloak)
rCorr   .          Rampage  .   (no gloves)
Will    .....                   (no boots)
Stlth   ++........              (no amulet)
HPRegen 0.06/turn               a - ring of see invisible
MPRegen 0.12/turn               (no ring)

@: no status effects
A: no striking features
a: no special abilities


You were on level 2 of the Dungeon.
You visited 1 branch of the dungeon, and saw 2 of its levels.

You collected 66 gold pieces.

Inventory:

Hand Weapons
 f - a +2 short sword of venom (weapon)
Missiles
 b - 2 throwing nets
 c - 111 stones
Armour
 g - a +1 animal skin (worn)
 h - a +0 helmet (worn)
Jewellery
 a - a ring of see invisible (left hand)
Potions
 d - a potion of invisibility {unknown}
 e - a potion of degeneration {unknown}


   Skills:
 - Level 2.4 Dodging
 - Level 2.4 Stealth
 + Level 4.1 Spellcasting
 + Level 2.5 Conjurations
 + Level 4.1 Fire Magic


You had 7 spell levels left.
You knew the following spells:

 Your Spells              Type           Power      Damage    Failure   Level
a - Foxfire               Conj/Fire      72%        2x1d7     3%          1
b - Scorch                Fire           42%        2d7       3%          2

Your spell library contained the following spells:

 Spells                   Type           Power      Damage    Failure   Level
 Conjure Flame            Conj/Fire      18%        6-21      9%          3
 Inner Flame              Hex/Fire       12%        N/A       16%         3
 Flame Wave               Conj/Fire      18%        2d6       30%         4
 Animate Dead             Necr           2%         N/A       75%         4
 Borgnjor's Vile Clutch   Necr/Erth      2%         N/A       97%         5
 Death Channel            Necr           2%         N/A       100%        6


Dungeon Overview and Level Annotations

Branches:
Dungeon (2/15)

Altars:
Okawaru

Shops:
D:2 (


Message History

A goblin is nearby!
A goblin is nearby!
Casting: Foxfire (safe; 3% risk of failure)
Confirm with . or Enter, or press ? or * to list all spells.
You conjure some foxfire!
The goblin shouts!
A hobgoblin comes into view.
It is wielding the +7 mace of Taxation {spect, Contam rPois rF+++ Int-4}.
The foxfire hits the goblin.
You kill the goblin!
Casting: Foxfire (safe; 3% risk of failure)
Confirm with . or Enter, or press ? or * to list all spells.
You conjure some foxfire!
The hobgoblin shouts!
The foxfire hits the hobgoblin.
The hobgoblin completely resists.
Casting: Foxfire (safe; 3% risk of failure)
Confirm with . or Enter, or press ? or * to list all spells.
You conjure some foxfire!
The foxfire hits the hobgoblin.
The hobgoblin completely resists.
Casting: Foxfire (safe; 3% risk of failure)
Confirm with . or Enter, or press ? or * to list all spells.
You conjure some foxfire!
The foxfire hits the hobgoblin.
The hobgoblin completely resists.
A hobgoblin is nearby!
The hobgoblin barely misses you.
You closely miss the hobgoblin.
The hobgoblin hits you with the +7 mace of Taxation {spect, Contam rPois rF+++ Int-4}!
Ouch! That really hurt!
You barely miss the hobgoblin. The hobgoblin misses you.
Casting: Foxfire (safe; 3% risk of failure)
Confirm with . or Enter, or press ? or * to list all spells.
You conjure some foxfire!
The hobgoblin closely misses you.
The foxfire hits the hobgoblin.
The hobgoblin completely resists.
The hobgoblin hits you but does no damage.
Unknown command.
Casting: Foxfire (safe; 3% risk of failure)
Confirm with . or Enter, or press ? or * to list all spells.
Flames lash the hobgoblin.
The hobgoblin completely resists.
The hobgoblin hits you with the +7 mace of Taxation {spect, Contam rPois rF+++ Int-4}!
Ouch! That really hurt!
You die...

######## #....g@#
...#######.####.#############
#.).......# #.#...........#
...#########
#.#.#########.####
###########......)..........
#.............##.##.###.....
#.#########.#.##.##.# #..##.
#.# #.........# #..##. ##.#
#.### ###.##....###..##รท


You could see a hobgoblin.

Vanquished Creatures
  Robin (D:2)
  3 dart slugs (D:2)
  2 endoplasms (D:2)
  A giant cockroach (D:1)
  16 goblins
  7 hobgoblins
  A kobold (D:1)
  2 quokkas
  A ball python (D:2)
  3 bats
  4 frilled lizards (D:2)
  A rat (D:1)
42 creatures vanquished.

Vanquished Creatures (collateral kills)
  2 foxfires (D:1)
2 creatures vanquished.

Vanquished Creatures (others)
  162 foxfires
162 creatures vanquished.

Grand Total: 206 creatures vanquished

Notes
Turn   | Place    | Note
-------+----------+-------------------------------------------
     0 | D:1      | bnorton916 the Deep Elf Fire Elementalist began the quest
                  | for the Orb.
     0 | D:1      | Reached XP level 1. HP: 10/10 MP: 6/6
    64 | D:1      | Found a faded altar of an unknown god.
   409 | D:1      | Reached XP level 2. HP: 15/15 MP: 5/8
   554 | D:1      | You fall into a shaft and drop 1 floor!
   743 | D:2      | Found Ejybuk's Weapon Shoppe.
  1143 | D:2      | Reached XP level 3. HP: 19/19 MP: 6/10
  1259 | D:2      | Noticed Robin
  1273 | D:2      | Killed Robin
  1779 | D:1      | Learned a level 2 spell: Scorch
  2153 | D:2      | Found an iron altar of Okawaru.
  2432 | D:2      | Identified the +7 mace of Taxation {spect, Contam rPois
                  | rF+++ Int-4}
  2452 | D:2      | Slain by a hobgoblin

Illustrated notes

Levels and vault maps discovered:
D:1:      heliophobic_arrival_ceremonial_halls, layout_basic,
          shapermc_ecumenical_altar_mp_ritualfount
D:2:      layout_loops_ring, basic_altar, serial_shops, shop_statue, uniq_robin

Skill      XL: |  1  2  3 |
---------------+----------+-----
Conjurations   | 2 |  2.5
Spellcasting   | 4 |  4.1
Fire Magic     | 4 |  4.1
Dodging        | |  2.4
Stealth        | |  2.4

Action                   || total
-------------------------++-------
Melee: Short sword       ||     2
 Cast: Foxfire           ||   118
       Scorch            ||     1
Armor: Robe              ||     2
       Animal skin       ||     1
Dodge: Dodged            ||    17
